 Dungeon Crawl Stone Soup version 0.30-a0-726-gd89dcf765f (webtiles) character file.

Game seed: 2005535392078126351

33 browni3141 the Digger (level 3, 0/27 HPs)
             Began as a Human Earth Elementalist on Jan 29, 2023.
             Slain by a crimson imp (1 damage)
             ... summoned by Natasha
             ... on level 2 of the Dungeon.
             The game lasted 00:01:49 (1288 turns).

browni3141 the Digger (Human Earth Elementalist)    Turns: 1288, Time: 00:01:50

Health: 0/27       AC:  2    Str:  8    XL:     3   Next: 47%
Magic:  6/6        EV: 12    Int: 17    God:
Gold:   27         SH:  0    Dex: 13    Spells: 3/6 levels left

rFire   + . .      SeeInvis .    h - +0 short sword
rCold   + . .      Faith    .    (no shield)
rNeg    . . .      Spirit   .    a - +0 robe
rPois   .          Reflect  .    (no helmet)
rElec   .          Harm     .    c - scarf {rC+ rF+}
rCorr   .          Rampage  .    (no gloves)
Will    .....                    (no boots)
Stlth   ++                       (no amulet)
HPRegen 0.24/turn                (no ring)
MPRegen 0.10/turn                (no ring)

@: no status effects
A: no striking features
a: no special abilities


You were on level 2 of the Dungeon.
You visited 1 branch of the dungeon, and saw 2 of its levels.

You collected 27 gold pieces.

Inventory:

Hand Weapons
 d - a +0 dagger
 h - a +0 short sword (weapon)
Missiles
 l - 2 poisoned darts
Armour
 a - a +0 robe (worn)
 c - a scarf of resistance (worn)
Scrolls
 g - a scroll of identify {unknown}
 i - 2 scrolls of blinking {unknown}
 k - a scroll of enchant weapon {unknown}
Potions
 b - a potion of magic
 e - a potion of haste {unknown}
 j - 3 potions of curing {unknown}


   Skills:
 - Level 2.0 Fighting
 - Level 2.0 Dodging
 - Level 2.0 Stealth
 - Level 2.0 Spellcasting
 - Level 1.0 Transmutations
 * Level 3.6 Earth Magic


You had 3 spell levels left.
You knew the following spells:

 Your Spells              Type           Power      Damage    Failure   Level
a - Sandblast             Erth           28%        2d8       4%          1
b - Passwall              Tmut/Erth      7%         N/A       11%         2

Your spell library contained the following spells:

 Spells                   Type           Power      Damage    Failure   Level
 Stone Arrow              Conj/Erth      14%        3d7       28%         3
 Petrify                  Tmut/Erth      9%         N/A       58%         4


Dungeon Overview and Level Annotations

Branches:
Dungeon (2/15)

Altars:

Shops:
D:2 ?[

Annotations:
D:2 Natasha


Message History

The crimson imp disappears in a puff of smoke!
Natasha wildly gestures.
You feel disoriented.
The kobold throws a stone.
The stone barely misses you.
You closely miss the crimson imp. The crimson imp completely misses you.
You barely miss the crimson imp. The crimson imp closely misses you.
You release spores at the crimson imp.
The crimson imp is lightly wounded.
The crimson imp closely misses you.
The kobold throws a stone.
The stone hits you but does no damage.
Natasha hisses.
You release spores at the crimson imp.
The crimson imp is moderately wounded.
The crimson imp blinks!
You're too terrified to move while being watched!
The kobold throws a stone.
The stone misses you.
You're too terrified to move while being watched!
You stop sporulating.
Your +0 short sword unmelds from your body.
Your scarf of resistance unmelds from your body.
Your +0 robe unmelds from your body.
You feel resistant to extremes of temperature.
Found a scroll labelled NEN TOMAUSKI.
Natasha casts a spell.
The kobold hits you with a +0 dagger.
You hit Natasha.
Natasha is lightly wounded.
Natasha claws you! The crimson imp hits you.
The kobold hits you with a +0 dagger. The crimson imp closely misses you.
Aiming: Sandblast (safe; 4% risk of failure)
Press: ? - help, Q - select action, (/) - cycle Shift-Dir - straight line, f - Natasha
Aim: Natasha, carrying a wand of polymorph (7) (lightly wounded, 77% to hit)
Okay, then.
Found Loinuefo's Antique Armour Boutique.
Natasha claws you!
* * * LOW HITPOINT WARNING * * *
The crimson imp hits you.
* * * LOW HITPOINT WARNING * * *
The crimson imp hits you.
You die...

#.............#.##....
#.........###.#.#....##.
#.........# #.#....#....
..........###.........?.
#..........##...........
#.......................
#.........###.∩........∩
#?.....)$......55.......
########.......K@..#..
##..####.h#.## # #....#
#..#.##
#....#.###.....##
######.##.......##
#...........#
###.........#
#..<......# #.........#


You could see Natasha, 2 crimson imps and a kobold.

Vanquished Creatures
  4 ball pythons
  2 bats (D:2)
  3 endoplasms
  A giant cockroach (D:2)
  6 goblins
  3 hobgoblins (D:1)
  3 quokkas (D:1)
  2 frilled lizards
  A kobold (D:1)
  3 rats
28 creatures vanquished.

Notes
Turn   | Place    | Note
-------+----------+-------------------------------------------
     0 | D:1      | browni3141 the Human Earth Elementalist began the quest for
                  | the Orb.
     0 | D:1      | Reached XP level 1. HP: 13/13 MP: 3/3
    87 | D:1      | Reached skill level 1 in Fighting
   123 | D:1      | Reached XP level 2. HP: 21/21 MP: 1/5
   260 | D:1      | Learned a level 2 spell: Passwall
   903 | D:1      | Reached XP level 3. HP: 21/27 MP: 3/6
  1199 | D:2      | Found Gimonousupn's Magic Scroll Shoppe.
  1252 | D:2      | Noticed Natasha
  1288 | D:2      | Found Loinuefo's Antique Armour Boutique.
  1288 | D:2      | HP: 1/27 [crimson imp[Natasha] (2)]
  1288 | D:2      | Slain by a crimson imp

Illustrated notes

Levels and vault maps discovered:
D:1:      psy_arrival_basics, layout_loops_ring
D:2:      layout_rooms, serial_shops, shop, shop, shop, shop, basic_altar,
          uniq_natasha

Skill      XL: |  1  2 |
---------------+-------+-----
Fighting       | 1 2 |  2.0
Dodging        | |  2.0
Stealth        | |  2.0
Spellcasting   | |  2.0
Transmutations | |  1.0
Earth Magic    | |  3.6

Action                     || total
---------------------------++-------
  Melee: Dagger            ||    30
         Short sword       ||    20
         Unarmed           ||    12
   Cast: Sandblast         ||    26
    Use: Scroll            ||     2
   Stab: Sleeping          ||     1
 Armour: Robe              ||     7
         Skin              ||     4
  Dodge: Dodged            ||    50

Table legend: (Time is in decaauts)
 A = Elapsed time spent in this place.
 B = Non-inter-level travel time spent in this place.
 C = Inter-level travel time spent in this place.
 D = Time resting spent in this place.
 E = Time spent auto-exploring this place.
 F = Levels seen in this place.
 G = Mean time per level.
                   A        B        C        D        E       F      G
               +--------+--------+--------+--------+--------+-----+--------+
         Total |   1298 |   1203 |     95 |    100 |    864 |   2 |  649.0 |
       Dungeon |   1298 |   1203 |     95 |    100 |    864 |   2 |  649.0 |
               +--------+--------+--------+--------+--------+-----+--------+

Top non-repeatable levels by time:
     D:1: 1154 daAuts
     D:2: 144 daAuts
